 Dungeon Sprint DCSS version 0.27-a0-103-g6cd7b45605 (webtiles) character file.

Game seed: 17727416236508656618

11510 mhtbhm the Bludgeoner (level 11, 0/114 HPs)
             Began as a Minotaur Fighter on Jan 24, 2021.
             Was an Initiate of Gozag.
             Slain by an orc knight
             ... wielding a +2 battleaxe
              (37 damage)
             ... in the Dungeon (Sprint IX: "|||||||||||||||||||||||||||||").
             The game lasted 00:02:58 (1900 turns).

mhtbhm the Bludgeoner (Minotaur Fighter)            Turns: 1900, Time: 00:02:59

Health: 0/114      AC: 19    Str: 24    XL:     11   Next: 50%
Magic:  10/10      EV: 12    Int:  5    God:    Gozag
Gold:   5795       SH: 14    Dex: 13    Spells: 10/10 levels left

rFire    . . .     SeeInvis .   a - +2 morningstar (vorpal)
rCold    . . .     Faith    .   c - +0 kite shield
rNeg     . . .     Spirit   .   b - +1 chain mail
rPois    .         Reflect  .   B - +0 hat
rElec    .         Harm     .   w - +0 cloak
rCorr    .         Rampage  .   x - +0 pair of gloves
Will     .....     NoTele   +   o - +0 pair of boots
Stlth    ..........             (no amulet)
HPRegen  0.29/turn              p - +2 ring of evasion
MPRegen  0.12/turn              q - +3 ring of dexterity

@: no status effects
A: retaliatory headbutt, horns 2
a: Renounce Religion, Potion Petition, Call Merchant, Bribe Branch


You were in the Dungeon.
You worshipped Gozag.
Gozag was greatly pleased with you.
You visited 1 branch You collected 5795 gold pieces.

Inventory:

Hand Weapons
 a - a +2 vorpal morningstar (weapon)
Missiles
 y - 8 curare-tipped darts
 A - 4 javelins (quivered)
Armour
 b - a +1 chain mail (worn)
 c - a +0 kite shield (worn)
 o - a +0 pair of boots (worn)
 w - a +0 cloak (worn)
 x - a +0 pair of gloves (worn)
 B - a +0 hat (worn)
Jewellery
 p - a +2 ring of evasion (left hand)
 q - a +3 ring of dexterity (right hand)
Wands
 n - a wand of acid (6)
Scrolls
 j - 2 scrolls of blinking
 l - 4 scrolls of remove curse
 m - 2 scrolls of amnesia
 t - 2 scrolls of fear
 u - a scroll of fog
 v - 2 scrolls of enchant armour
Potions
 d - a potion of might
 e - a potion of invisibility
 f - 8 potions of heal wounds
 g - a potion of haste
 h - 4 potions of magic
 i - a potion of berserk rage
 k - 4 potions of curing
 r - 2 potions of brilliance
 s - 2 potions of resistance
 z - a potion of degeneration {unknown}


   Skills:
 + Level 15.7 Fighting
 + Level 20.3 Maces & Flails
 + Level 15.3 Armour
 + Level 4.0 Dodging
 + Level 0.4 Stealth
 + Level 13.6 Shields
 + Level 2.1 Evocations


You had 10 spell levels left.
You didn't know any spells.
Your spell library contained the following spells:

 Spells                   Type           Power        Failure   Level
 Magic Dart               Conj           0%           95%         1
 Blink                    Tloc           N/A          98%         2
 Call Imp                 Summ           0%           98%         2
 Slow                     Hex            0%           98%         2
 Conjure Flame            Conj/Fire      0%           100%        3
 Mephitic Cloud           Conj/Pois/Air  0%           100%        3


Dungeon Overview and Level Annotations

Branches:
Dungeon (1/1)

Altars:
Cheibriados
Dithmenos
Elyvilon
Fedhas
Gozag
Hepliaklqana
Kikubaaqudgha
Makhleb
Nemelex Xobeh
Okawaru
Qazlal
Ru
Sif Muna
Trog
Uskayaw
Vehumet
Wu Jian
Xom
Yredelemnul
Zin
The Shining One
Beogh
Jiyva
Lugonu

Shops:
D ?*


Innate Abilities, Weirdness & Mutations

You reflexively headbutt those who attack you in melee.
You have a pair of horns on your head.


Message History

You hit the orc knight but do no damage.
The orc knight is heavily wounded.
The orc warrior no longer looks unusually strong.
The orc knight roars a battlecry!
The orcs go into a battle-frenzy!
You hit the orc knight. Your headbutt misses the orc knight.
The orc knight is heavily wounded.
You block the orc knight's attack.
Your shield and chain mail prevent you from hitting the orc knight.
The orc knight is heavily wounded.
The orc knight no longer looks unusually strong.
You bludgeon the orc knight!!
You headbutt the orc knight, but do no damage.
The orc knight is severely wounded.
The orc knight no longer looks unusually strong.
The orc knight roars a battlecry!
The orc knight goes into a battle-frenzy!
The orc knight hits you with a +2 battleaxe!!!
You die...
Your body crumbles into a pile of gold.

________________'..)..[..()......
▓▓▓▓▓▓▓▓▓▓▓▓▓▓▓▓▓▓▓▓▓▓▓▓▓▓▓▓▓▓▓▓▓
.................................
▓▓▓▓▓▓▓▓▓▓▓▓▓▓▓▓▓▓▓▓▓▓▓▓▓▓▓▓▓▓▓▓▓
......'.........'........((.['...
▓▓▓▓▓▓▓▓▓▓▓▓▓▓▓▓▓▓▓▓▓▓▓▓▓▓▓▓▓▓▓▓▓
...............................).
▓▓▓▓▓▓▓▓▓▓▓▓▓▓▓▓▓▓▓▓▓▓▓▓▓▓▓▓▓▓▓▓▓
..)))))))))....'@oooooo∩$ $


$$$$$ ▓▓▓▓▓▓▓▓▓▓▓▓▓▓▓▓▓▓▓▓▓▓▓▓ You could see 4 orc knights and 2 orc warriors.

Vanquished Creatures
  Gastronok (D)
  A hydra (D)
  Urug (D)
  Sonja (D)
  5 orc knights (D)
  An orc sorcerer (D)
  An ugly thing (D)
  An elephant (D)
  A gargoyle (D)
  2 cane toads (D)
  A rime drake (D)
  A blink frog (D)
  A slime creature (D)
  A yak (D)
  2 wargs (D)
  7 water moccasins (D)
  A hell hound (D)
  An eye of draining (D)
  9 orc warriors (D)
  5 wolves (D)
  An ogre (D)
  A centaur (D)
  4 bullfrogs (D)
  A scorpion (D)
  A killer bee (D)
  A jelly (D)
  3 orc priests (D)
  3 orc wizards (D)
  An adder (D)
  A gnoll (D)
  An ooze (D)
  A worm (D)
  A dart slug (D)
  A leopard gecko (D)
  7 orcs (D)
  A giant cockroach (D)
  A jackal (D)
  2 kobolds (D)
  A quokka (D)
  A frilled lizard (D)
78 creatures vanquished.

Notes
Turn   | Place    | Note
-------+----------+-------------------------------------------
     0 | D        | mhtbhm the Minotaur Fighter began the quest for the Orb.
     0 | D        | Reached XP level 1. HP: 19/19 MP: 0/0
    15 | D        | Reached skill level 3 in Maces & Flails
    15 | D        | Reached XP level 2. HP: 25/28 MP: 1/1
   163 | D        | Reached skill level 5 in Fighting
   163 | D        | Reached skill level 5 in Armour
   163 | D        | Reached skill level 5 in Shields
   163 | D        | Reached XP level 3. HP: 33/36 MP: 2/2
   190 | D        | Reached skill level 4 in Maces & Flails
   196 | D        | Found a roughly hewn altar of Beogh.
   196 | D        | Found a snail-covered altar of Cheibriados.
   196 | D        | Found a shadowy altar of Dithmenos.
   196 | D        | Found a white marble altar of Elyvilon.
   196 | D        | Found a blossoming altar of Fedhas.
   196 | D        | Found an opulent altar of Gozag.
   197 | D        | Found a hazy altar of Hepliaklqana.
   198 | D        | Found a viscous altar of Jiyva.
   199 | D        | Found an ancient bone altar of Kikubaaqudgha.
   200 | D        | Found a corrupted altar of Lugonu.
   201 | D        | Found a burning altar of Makhleb.
   202 | D        | Found a sparkling altar of Nemelex Xobeh.
   203 | D        | Found an iron altar of Okawaru.
   204 | D        | Became a worshipper of Gozag Ym Sagoz the Greedy
   205 | D        | Found a stormy altar of Qazlal.
   206 | D        | Found a sacrificial altar of Ru.
   207 | D        | Found a shimmering blue altar of Sif Muna.
   208 | D        | Found a bloodstained altar of Trog.
   209 | D        | Found a hide-covered altar of Uskayaw.
   210 | D        | Found a radiant altar of Vehumet.
   211 | D        | Found an ornate altar of the Wu Jian Council.
   212 | D        | Found a shimmering altar of Xom.
   213 | D        | Found a basalt altar of Yredelemnul.
   214 | D        | Found a glowing silver altar of Zin.
   215 | D        | Found a glowing golden altar of the Shining One.
   326 | D        | Noticed a centaur
   326 | D        | Noticed an ogre
   331 | D        | Killed a centaur
   332 | D        | Reached skill level 6 in Maces & Flails
   332 | D        | Reached skill level 1 in Dodging
   332 | D        | Reached XP level 4. HP: 34/45 MP: 3/3
   335 | D        | Reached XP level 5. HP: 28/52 MP: 4/4
   338 | D        | Killed an ogre
   339 | D        | Reached skill level 8 in Maces & Flails
   480 | D        | Noticed a purple ugly thing
   480 | D        | Noticed a gargoyle
   480 | D        | Noticed a yak
   480 | D        | Noticed a slime creature
   480 | D        | Noticed an eye of draining
   486 | D        | Killed a purple ugly thing
   487 | D        | Reached skill level 11 in Maces & Flails
   487 | D        | Reached skill level 10 in Armour
   487 | D        | Reached XP level 6. HP: 45/63 MP: 0/5
   487 | D        | Reached XP level 7. HP: 50/70 MP: 0/6
   492 | D        | Killed a gargoyle
   493 | D        | Reached skill level 12 in Maces & Flails
   495 | D        | Killed a yak
   496 | D        | Reached XP level 8. HP: 24/79 MP: 0/7
   497 | D        | Reached skill level 10 in Fighting
   498 | D        | Killed a slime creature
   499 | D        | Reached skill level 13 in Maces & Flails
   499 | D        | Reached skill level 10 in Shields
   850 | D        | Noticed a cane toad
   863 | D        | Noticed a blink frog
   867 | D        | Reached skill level 14 in Maces & Flails
   869 | D        | Killed a blink frog
   872 | D        | Reached XP level 9. HP: 79/86 MP: 8/8
   874 | D        | Killed a cane toad
   875 | D        | Reached skill level 15 in Maces & Flails
   911 | D        | Noticed a rime drake
   911 | D        | Noticed an elephant
   912 | D        | Noticed a six-headed hydra
   918 | D        | Killed a rime drake
   924 | D        | Reached skill level 16 in Maces & Flails
   924 | D        | Noticed a cane toad
   933 | D        | Killed an elephant
   936 | D        | Killed a six-headed hydra
   937 | D        | Reached skill level 17 in Maces & Flails
   937 | D        | Reached XP level 10. HP: 67/99 MP: 9/9
   940 | D        | Reached skill level 1 in Evocations
   944 | D        | Killed a cane toad
  1230 | D        | Reached skill level 18 in Maces & Flails
  1324 | D        | Noticed Sonja
  1329 | D        | Killed Sonja
  1384 | D        | Noticed Urug
  1398 | D        | Killed Urug
  1402 | D        | Noticed Gastronok
  1417 | D        | Killed Gastronok
  1418 | D        | Reached skill level 19 in Maces & Flails
  1418 | D        | Reached XP level 11. HP: 47/111 MP: 10/10
  1619 | D        | Noticed an orc knight
  1640 | D        | Killed an orc knight
  1718 | D        | Noticed an orc knight
  1718 | D        | Noticed an orc knight
  1718 | D        | Noticed an orc sorcerer
  1729 | D        | Killed an orc knight
  1736 | D        | Killed an orc knight
  1737 | D        | Reached skill level 15 in Fighting
  1741 | D        | Killed an orc sorcerer
  1742 | D        | Reached skill level 15 in Armour
  1761 | D        | Reached skill level 20 in Maces & Flails
  1873 | D        | Found Rootz's Magic Scroll Emporium.
  1873 | D        | Noticed an orc knight
  1873 | D        | Noticed an orc knight
  1873 | D        | Noticed an orc knight
  1873 | D        | Noticed an orc knight
  1877 | D        | Noticed an orc knight
  1881 | D        | Killed an orc knight
  1891 | D        | Killed an orc knight
  1892 | D        | Found Nome's Assorted Antiques.
  1892 | D        | Noticed an orc knight
  1900 | D        | Slain by an orc knight

Illustrated notes

Levels and vault maps discovered:
D:        linesprint [early_d, line_temple, items_1, d_10, items_2, lair_1,
          lair_end, items_3, orc_1, orc_end, items_4, d_15, swamp_1, shoals_1,
          snake_1, spider_1, d_20, vaults_1, items_5, swamp_end, shoals_end,
          snake_end, spider_end, vaults_end, d_27, items_6, zot_1, zot_end,
          crypt_end, forest_end, elf_end, slime_end, tomb_end, abyss_end,
          pan_hell_end]

Skill      XL: |  1  2  3  4  5  6  7  8  9 10 11 |
---------------+----------------------------------+-----
Fighting       | 4 5 6 7 9 10 12 14 15 | 15.7
Armour         | 4 5 7 10 11 12 13 14 15 | 15.3
Shields        | 4 5 6 7 9 10 11 12 13 | 13.6
Maces & Flails | 3 6 11 12 14 17 19 20 | 20.3
Dodging        | 1 2 3 4 |  4.0
Evocations     | 1 2 |  2.1
Stealth        | |  0.4

Action                   |  1- 3 |  4- 6 |  7- 9 | 10-12 || total
-------------------------+-------+-------+-------+-------++-------
Melee: Flail             |    50 |       |       |       ||    50
       Headbutt          |     8 |     2 |    15 |    34 ||    59
       Morningstar       |     5 |    14 |    62 |   153 ||   234
Evoke: Wand              |       |       |     1 |     3 ||     4
  Use: Potion            |     1 |       |       |     1 ||     2
 Stab: Distracted        |       |       |       |     1 ||     1
Armor: Scale mail        |    21 |       |       |       ||    21
       Chain mail        |     2 |     2 |    13 |    18 ||    35
Dodge: Dodged            |    11 |     5 |     8 |    16 ||    40
Block: Kite shield       |    18 |     3 |    19 |    48 ||    88

Table legend: (Time is in decaauts)
 A = Elapsed time spent in this place.
 B = Non-inter-level travel time spent in this place.
 C = Inter-level travel time spent in this place.
 D = Time resting spent in this place.
 E = Time spent auto-exploring this place.
 F = Levels seen in this place.
 G = Mean time per level.
                   A        B        C        D        E       F      G
               +--------+--------+--------+--------+--------+-----+--------+
         Total |   1915 |   1915 |      0 |   1040 |    138 |   1 | 1915.0 |
       Dungeon |   1915 |   1915 |      0 |   1040 |    138 |   1 | 1915.0 |
               +--------+--------+--------+--------+--------+-----+--------+

Top non-repeatable levels by time:
       D: 1915 daAuts
